 Dungeon Crawl Stone Soup version 0.25.1-2-g60ff931df9 (webtiles) character file.

Game seed: 13866996497090608050

84 Curus the Poker (level 4, -8/35 HPs)
             Began as a Demonspawn Berserker on Oct 31, 2020.
             Was a Believer of Trog.
             Mangled by a gnoll
             ... wielding a +0 halberd
              (12 damage)
             ... on level 2 of the Dungeon.
             The game lasted 00:09:13 (2384 turns).

Curus the Poker (Demonspawn Berserker)              Turns: 2384, Time: 00:09:13

Health: -8/35      AC:  4    Str: 17    XL:     4   Next: 23%
Magic:  4/4        EV: 12    Int:  8    God:    Trog [**....]
Gold:   148        SH:  0    Dex: 14    Spells: 3/3 levels left

rFire    . . .     SeeInvis .   a - +1 spear
rCold    . . .     Gourm    .   (no shield)
rNeg     . . .     Faith    .   e - +1 leather armour
rPois    .         Spirit   .   (helmet restricted)
rElec    .         Reflect  .   (no cloak)
rCorr    .         Harm     .   (no gloves)
MR       .....                  (no boots)
Stlth    +.........             i - amulet of regeneration
HPRegen  0.51/turn              (no ring)
MPRegen  0.09/turn              (no ring)

@: no status effects
A: antennae 1, spiny 1
a: Berserk, Trog's Hand, Renounce Religion


You were on level 2 of the Dungeon.
You worshipped Trog.
Trog was pleased with you.
You were hungry.

You visited 1 branch of the dungeon, and saw 2 of its levels.

You collected 148 gold pieces.

Inventory:

Hand Weapons
 a - a +1 spear (weapon)
Armour
 b - a +0 animal skin
 e - a +1 leather armour (worn)
Jewellery
 i - an amulet of regeneration (around neck)
Scrolls
 d - a scroll of teleportation
 f - a scroll of magic mapping
 g - a scroll of fog
 h - 3 scrolls of identify
 j - a scroll of enchant weapon
Comestibles
 c - 4 rations


   Skills:
 - Level 3.0 Fighting
 - Level 3.2 Polearms
 - Level 1.7 Armour
 - Level 1.7 Dodging
 + Level 3.0 Unarmed Combat


You had 3 spell levels left.
You didn't know any spells.
Your spell library was empty.

Dungeon Overview and Level Annotations

Branches:
Dungeon (2/15)

Altars:


Innate Abilities, Weirdness & Mutations

You have a pair of small antennae on your head.
You are partially covered in sharp spines.


Message History

As you read the scroll labeled MIOTUN MUNIA, it crumbles to dust.
It is a scroll of amnesia.
You feel forgetful for a moment.
You see here 28 stones.
You are feeling hungry.
There is an escape hatch in the floor here.
The gnoll shouts!
The gnoll is too close now for your liking.
The gnoll shouts!
A gnoll comes into view. It is wielding a +0 spear.
The gnoll hits you with a +0 halberd!
You hit the gnoll but do no damage. The gnoll barely misses you.
The gnoll hits you from afar with a +0 halberd!
* * * LOW HITPOINT WARNING * * *
There is an escape hatch in the ceiling here.
The gnoll hits you from afar with a +0 halberd!
* * * LOW HITPOINT WARNING * * *
There is an escape hatch in the ceiling here.
The gnoll hits you from afar with a +0 halberd!
You die...

#.....#..............
#..........#..#######
#....####.......#####
#....# #....##....##
###############.....#.##
#.........# #.###.....
#.........# #..###.#..
#.........# ##.###....
#).)...@..# #..###...
#.........# ##.....).
#((.....gg# ##.###..
#.........#### #.(#...
#..<.........#####)>g(.#
#.........##.......#(..#
#.........######.....(.#
###.....### ##.##.#...
#.....#######..##....(


You could see 2 gnolls.

Vanquished Creatures
  A bullfrog zombie (D:2)
  An adder (D:2)
  2 dart slugs
  A leopard gecko (D:2)
  3 giant cockroaches
  6 goblins
  4 hobgoblins
  5 kobolds
  2 quokkas (D:2)
  2 bats
  3 frilled lizards
  5 rats
35 creatures vanquished.

Notes
Turn   | Place    | Note
-------+----------+-------------------------------------------
     0 | D:1      | Curus the Demonspawn Berserker began the quest for the Orb.
     0 | D:1      | Reached XP level 1. HP: 18/18 MP: 1/1
   521 | D:1      | Gained mutation: You have a pair of small antennae on your
                  | head. [demonic ancestry]
   521 | D:1      | Reached XP level 2. HP: 24/24 MP: 2/2
   952 | D:1      | Reached skill level 1 in Unarmed Combat
  1405 | D:2      | Reached ** piety under Trog
  1405 | D:2      | Reached XP level 3. HP: 26/29 MP: 3/3
  1443 | D:2      | Gained mutation: You are partially covered in sharp spines.
                  | [demonic ancestry]
  1443 | D:2      | Reached XP level 4. HP: 20/35 MP: 4/4
  2384 | D:2      | Mangled by a gnoll

Illustrated notes

Levels and vault maps discovered:
D:1:      dpeg_arrival_snail, layout_loops_ring
D:2:      layout_rooms

Skill      XL: |  1  2  3  4 |
---------------+-------------+-----
Polearms       | 3 |  3.2
Unarmed Combat | 1 2 3 |  3.0
Fighting       | |  3.0
Armour         | |  1.7
Dodging        | |  1.7

Action                   |  1- 3 |  4- 6 || total
-------------------------+-------+-------++-------
Melee: Spear             |   109 |    17 ||   126
       Punch             |     1 |     1 ||     2
Invok: Berserk           |     1 |       ||     1
  Use: Scroll            |     6 |     2 ||     8
       Potion            |       |     1 ||     1
  Eat: Chunk             |     2 |     3 ||     5
Armor: Leather armour    |    19 |     3 ||    22
Dodge: Dodged            |    55 |     7 ||    62
